 Dungeon Crawl Stone Soup version 0.31-a0-1267-gfedaa18580 (webtiles) character file.

Game seed: 9807826362379264130

9119 drugrobin the Basher (level 10, 0/81 HPs)
             Began as a Demigod Delver on Dec 17, 2023.
             Slain by Fannar
             ... wielding a staff of cold
              (14 damage)
             ... on level 10 of the Dungeon.
             The game lasted 00:38:14 (11581 turns).

drugrobin the Basher (Demigod Delver)              Turns: 11581, Time: 00:38:15

Health: 0/81       AC: 12    Str: 25    XL:     10   Next: 99%
Magic:  13/13      EV: 12    Int: 18    God:
Gold:   113        SH:  0    Dex: 15    Spells: 9/9 levels left

rFire   . . .        e - +3 war axe (venom)
rCold   . . .        (no shield)
rNeg    . . .        I - +0 plate armour
rPois   .            w - +0 helmet
rElec   .            p - +0 cloak {Will+}
rCorr   .            (no gloves)
SInv    .            (no boots)
Will    ++...        t - amulet of the acrobat Stlth
                     g - +6 ring of intelligence
HPRegen 0.33/turn    C - +5 ring of evasion
MPRegen 0.13/turn

%: acrobat
@: no status effects
A: high MP 1, forlorn, divine attributes
a: no special abilities


You were on level 10 of the Dungeon.
You visited 2 branches of the dungeon, and saw 12 of its levels.

You collected 800 gold pieces.
You spent 687 gold pieces at shops.

Inventory:

Hand Weapons
 a - a +0 heavy morningstar
 b - a +0 flail of draining
 c - a +0 morningstar
 d - a +0 sling
 e - a +3 war axe of venom (weapon)
 f - a +0 flail of protection
Missiles
 h - 9 boomerangs (quivered)
 q - 3 darts of dispersal
 J - 8 poisoned darts
Armour
 p - a +0 cloak of willpower (worn)
 s - a +0 troll leather armour
 w - a +0 helmet (worn)
 H - a scarf of repulsion
 I - a +0 plate armour (worn)
 K - the +0 robe of Ignis's Scorn {^Drain rF+ Archmagi}
   (You bought it in a shop on level 5 of the Dungeon)

   rF+:       It protects you from fire.
   ^Drain:    It drains your maximum health when unequipped.
   Archmagi:  It increases the power of your magical spells.
 R - an orb of mayhem
Magical Staves
 S - a staff of conjuration
Jewellery
 g - a +6 ring of intelligence (left hand)
 t - an amulet of the acrobat (around neck)
 C - a +5 ring of evasion (right hand)
 Q - a ring of fire
Wands
 F - a wand of digging (3)
 G - a wand of mindburst (17)
 P - a wand of iceblast (13)
 V - a wand of flame (22)
Scrolls
 j - 2 scrolls of vulnerability
 l - a scroll of poison
 m - 2 scrolls of fog
 o - 3 scrolls of teleportation
 y - a scroll of enchant armour
 z - 5 scrolls of revelation
 B - 2 scrolls of enchant weapon
 E - 3 scrolls of butterflies {unknown}
 M - a scroll of blinking
 N - a scroll of amnesia
 U - 2 scrolls of immolation
 X - 2 scrolls of brand weapon
 Y - a scroll of silence
Potions
 i - a potion of invisibility {unknown}
 k - 4 potions of degeneration {unknown}
 n - 6 potions of curing
 r - a potion of enlightenment {unknown}
 u - 3 potions of berserk rage {unknown}
 v - 2 potions of resistance {unknown}
 x - a potion of mutation {unknown}
 A - 3 potions of attraction {unknown}
 D - 2 potions of magic {unknown}
 L - a potion of might {unknown}
 O - 2 potions of ambrosia {unknown}
 W - a potion of brilliance {unknown}
 Z - 2 potions of haste


   Skills:
 + Level 5.4 Fighting
 + Level 14.7 Maces & Flails
 - Level 1.7 Dodging
 - Level 4.5 Stealth
 - Level 4.0 Evocations


You had 9 spell levels left.
You didn't know any spells.
Your spell library contained the following spells:

 Spells                   Type           Power      Damage    Failure   Level
 Kiss of Death            Conj/Necr      0%         2d5       99%         1
 Magic Dart               Conj           0%         1d3       99%         1
 Call Imp                 Summ           0%         N/A       100%        2
 Ensorcelled Hibernation  Hex/Ice        0%         N/A       100%        2
 Passwall                 Tmut/Erth      0%         N/A       100%        2
 Confusing Touch          Hex            0%         N/A       100%        3
 Frozen Ramparts          Ice            0%         1d1       100%        3
 Mephitic Cloud           Conj/Pois/Air  0%         N/A       100%        3
 Swiftness                Air            0%         N/A       100%        3
 Dispel Undead            Necr           0%         3d6       100%        4
 Leda's Liquefaction      Tmut/Erth      0%         N/A       100%        4
 Petrify                  Tmut/Erth      0%         N/A       100%        4
 Metabolic Englaciation   Hex/Ice        0%         N/A       100%        5


Dungeon Overview and Level Annotations

Branches:
Dungeon (11/15)            Temple (0/1) D:7            Lair (0/5) D:11
    Orc (1/2) D:9

Shops:
D:2 [   D:5 [   D:8 ?   D:11 *

Annotations:
D:4 1 runed translucent door, Crazy Yiuf
D:10 Fannar
D:11 Urug


Innate Abilities, Weirdness & Mutations

You have an increased reservoir of magic. (+10% MP)
You shall have no god before yourself.
Your divine heritage dramatically boosts your attributes as you level up.


Message History

Unknown command.
There is a stone staircase leading up here.
Unknown command.
Unknown command.
You climb upwards.
Level annotation: Fannar
There is a stone staircase leading down here.
You start resting.
Fannar is nearby!
Unknown command.
Unknown command.
Unknown command.
Okay, then.
Unknown command.
Aiming: Mindburst
Press: ? - help, Shift-Dir - straight line, f - Fannar
Aim: Fannar, wielding a staff of cold and wearing a +2 robe of cold resistance (chance to affect: 29%)
Okay, then.
Unknown command.
Fannar completely misses you.
Unknown command.
Unknown command.
Unknown command.
You hit Fannar.
Fannar is lightly wounded.
Fannar hits you with a staff of cold!
* * * LOW HITPOINT WARNING * * *
Fannar freezes you!
* * * LOW HITPOINT WARNING * * *
Unknown command.
Unknown command.
Unknown command.
Okay, then.
Okay, then.
Okay, then.
Okay, then.
You feel better.
Fannar mumbles some strange words.
Fannar drains the heat from the surrounding environment!
You die...

......#########..#+#####......#
......# #...............# ......#
#...............# .....Y#
#.###########...# ......# #.#
#...# .....e#########.# #.###
................# #.#
........#####..e###########.#
........#...#...@>..........#####
........#...#....................
........#...#....................
........'...#....................
........#...#....................
######..#...#..........######....
.....+..+...#..........#....#....
.....##.#...#..........#....'....
#.....#.#...#..######..#....#....


You could see Fannar.

Vanquished Creatures
  A boulder beetle (D:11)
  A two-headed ogre (D:10)
  A cyclops (D:11)
  2 unseen horrors (D:11)
  Jeremiah (D:7)
  A komodo dragon (D:11)
  A troll (D:11)
  A shadow (D:10)
  11 yaks
  A wraith (D:10)
  3 wyverns
  Menkaure (D:7)
  Duvessa (D:7)
  3 water moccasins
  7 orc warriors
  A sky beast (D:7)
  A black bear (D:8)
  2 ice beasts
  An ogre (D:9)
  2 phantoms
  6 bullfrogs
  3 scorpions
  3 wights (D:9)
  Dowan (D:7)
  A jelly (D:8)
  10 orc priests
  A gnoll bouda (D:5)
  7 hounds
  5 iguanas
  Natasha (thrice) (D:4)
  10 orc wizards
  Robin (D:3)
  3 gnolls (D:5)
  10 adders
  6 ufetubi (D:6)
  3 worms
  5 dart slugs
  70 orcs
  5 ball pythons
  2 endoplasms
  4 giant cockroaches
  9 hobgoblins
  13 jackals
  4 kobolds
  4 quokkas
  7 bats
  5 frilled lizards
  14 goblins
  6 rats
264 creatures vanquished.

Vanquished Creatures (others)
  An orc wizard (D:9)
  An orc (D:7)
2 creatures vanquished.

Grand Total: 266 creatures vanquished

Notes
Turn   | Place    | Note
-------+----------+-------------------------------------------
     0 | D:5      | drugrobin the Demigod Delver began the quest for the Orb.
     0 | D:5      | Reached XP level 1. HP: 18/18 MP: 3/3
    27 | D:5      | Reached skill level 2 in Maces & Flails
    51 | D:5      | Noticed a hound
   121 | D:5      | Noticed an orc wizard
   123 | D:5      | Noticed a hound
   197 | D:3      | Reached XP level 2. HP: 25/25 MP: 4/4
   397 | D:1      | Reached skill level 3 in Maces & Flails
   569 | D:1      | Reached XP level 3. HP: 28/30 MP: 5/5
  1372 | D:2      | Found Vedwezal's Armour Shop.
  1418 | D:2      | Bought a +0 cloak of willpower for 115 gold pieces
  1502 | D:2      | Reached skill level 4 in Maces & Flails
  1731 | D:3      | Reached XP level 4. HP: 35/37 MP: 6/6
  1952 | D:3      | Noticed Robin
  2030 | D:3      | Killed Robin
  2516 | D:4      | Reached skill level 5 in Maces & Flails
  2516 | D:4      | Reached XP level 5. HP: 25/42 MP: 7/7
  2810 | D:4      | Reached skill level 6 in Maces & Flails
  2898 | D:4      | Noticed Natasha
  2912 | D:4      | Killed Natasha
  2913 | D:4      | Reached XP level 6. HP: 37/50 MP: 8/8
  3139 | D:4      | Noticed a shadow
  3285 | D:4      | Found a runed translucent door.
  3286 | D:4      | Noticed Crazy Yiuf
  3337 | D:4      | Noticed Natasha
  3344 | D:4      | Killed Natasha
  3379 | D:4      | Noticed Natasha
  3387 | D:4      | Killed Natasha
  3576 | D:5      | Reached skill level 7 in Maces & Flails
  3583 | D:5      | Reached XP level 7. HP: 53/56 MP: 9/9
  3809 | D:5      | Reached skill level 8 in Maces & Flails
  4082 | D:5      | Found Kel Ejuu's Antique Armour Boutique.
  4108 | D:5      | Bought a spiked robe for 148 gold pieces
  4108 | D:5      | Identified the +0 robe of Ignis's Scorn {^Drain rF+
                  | Archmagi} (You bought it in a shop on level 5 of the
                  | Dungeon)
  4525 | D:6      | Reached skill level 9 in Maces & Flails
  4786 | D:6      | Reached XP level 8. HP: 62/62 MP: 10/10
  5048 | D:6      | Reached skill level 10 in Maces & Flails
  5557 | D:7      | Reached skill level 11 in Maces & Flails
  5865 | D:7      | Noticed Duvessa
  5865 | D:7      | Noticed Dowan
  5890 | D:7      | Killed Duvessa
  5891 | D:7      | Killed Dowan
  6100 | D:7      | Noticed Menkaure
  6152 | D:7      | Killed Menkaure
  6153 | D:7      | Reached skill level 1 in Evocations
  6153 | D:7      | Reached XP level 9. HP: 56/68 MP: 11/11
  6266 | D:7      | Noticed Jeremiah
  6290 | D:7      | Killed Jeremiah
  6469 | D:7      | Found a staircase to the Ecumenical Temple.
  6959 | D:8      | Reached skill level 12 in Maces & Flails
  7063 | D:8      | Found Xyteru's Magic Scroll Shop.
  7071 | D:8      | Bought a scroll of identify for 28 gold pieces
  7071 | D:8      | Bought a scroll of brand weapon for 133 gold pieces
  7071 | D:8      | Bought a scroll of silence for 133 gold pieces
  8028 | D:9      | Reached skill level 13 in Maces & Flails
  8217 | D:9      | Reached XP level 10. HP: 74/74 MP: 13/13
  9198 | D:9      | Found a staircase to the Orcish Mines.
  9205 | Orc:1    | Entered Level 1 of the Orcish Mines
  9205 | Orc:1    | Noticed an orc sorcerer
  9205 | Orc:1    | Noticed an orc knight
  9260 | D:10     | Entered Level 10 of the Dungeon
  9366 | D:10     | Noticed a two-headed ogre
  9393 | D:10     | Killed a two-headed ogre
  9394 | D:10     | Reached skill level 14 in Maces & Flails
 10072 | D:10     | Noticed Fannar
 10164 | D:11     | Noticed a two-headed ogre
 10326 | D:11     | Identified the +1 robe of Liberalism {rF+}
 10621 | D:11     | Noticed a cyclops
 10651 | D:11     | Killed a cyclops
 10854 | D:11     | Noticed Urug
 11036 | D:11     | Noticed a boulder beetle
 11053 | D:11     | Killed a boulder beetle
 11054 | D:11     | Reached skill level 5 in Fighting
 11341 | D:11     | Found Rong's Assorted Antiques.
 11350 | D:11     | Bought an opal ring for 130 gold pieces
 11493 | D:11     | Found a staircase to the Lair.
 11581 | D:10     | Slain by Fannar

Illustrated notes

Levels and vault maps discovered:
D:1:      giann_forest_graveyard, layout_basic
D:2:      layout_loops_cross, hellmonk_ecumenical_altar_prayer_group,
          basic_altar, serial_shops, nicolae_shop_stone
D:3:      layout_loops_corners, uniq_robin
D:4:      layout_cave_pools, hellmonk_overflow_destroyed_library,
          riverfiend_overflow_shadow_ancestor, mrwooster_statue_mirror,
          hangedman_minor_gate_pass, uniq_crazy_yiuf_cottage, uniq_natasha
D:5:      layout_rooms, kiku_gazebo_garden_becter, serial_shops, shop,
          serial_park_tiny_1, nicolae_fountain_basement
D:6:      layout_loops_corners, kennysheep_mini, serial_glass, glass_columns_a,
          glass_columns_a, serial_bayou_crossing
D:7:      layout_rooms, overflow_temple_1_default,
          nemelex_xobeh_ov_fountains_minmay, minmay_temple_entry_junction,
          kennysheep_generic_room_16, uniq_duvessa, uniq_jeremiah, uniq_menkaure
D:8:      layout_loops_ring, lemuel_tele_altar, serial_shops, shop
D:9:      layout_basic, orc_0_dummy, special_room [special_room_orc],
          nicolae_wwwww
D:10:     layout_irregular_city, uniq_fannar
D:11:     layout_irregular_city, david_lair_shrubbed, serial_shops, shop,
          uniq_urug
Orc:1:    layout_caves

Skill      XL: |  1  2  3  4  5  6  7  8  9 10 |
---------------+-------------------------------+-----
Maces & Flails | 2 3 4 5 6 7 9 11 13 14 | 14.7
Evocations     | 1 4 |  4.0
Fighting       | 5 |  5.4
Dodging        | |  1.7
Stealth        | |  4.5

Action                     |  1- 3 |  4- 6 |  7- 9 | 10-12 || total
---------------------------+-------+-------+-------+-------++-------
  Melee: Mace              |   106 |     7 |       |       ||   113
         Punch             |     2 |     1 |     9 |     1 ||    13
         Hand axe          |    62 |   165 |       |       ||   227
         Morningstar       |       |    60 |   169 |    39 ||   268
         Whip              |       |       |   122 |       ||   122
         War axe           |       |       |    87 |    50 ||   137
         Flail             |       |       |    39 |   133 ||   172
   Fire: Sling             |       |     2 |    19 |     1 ||    22
  Throw: Boomerang         |       |    15 |    22 |     4 ||    41
         Dart              |       |       |     4 |     5 ||     9
  Evoke: Wand              |       |       |    10 |     7 ||    17
    Use: Scroll            |     2 |       |     8 |     1 ||    11
         Potion            |       |       |     2 |     1 ||     3
   Stab: Sleeping          |     1 |       |       |       ||     1
 Armour: Leather armour    |    40 |       |       |       ||    40
         Plate armour      |   108 |   177 |   247 |   157 ||   689
  Dodge: Dodged            |    63 |   128 |   205 |   130 ||   526

Table legend: (Time is in decaauts)
 A = Elapsed time spent in this place.
 B = Non-inter-level travel time spent in this place.
 C = Inter-level travel time spent in this place.
 D = Time resting spent in this place.
 E = Time spent auto-exploring this place.
 F = Levels seen in this place.
 G = Mean time per level.
                   A        B        C        D        E       F      G
               +--------+--------+--------+--------+--------+-----+--------+
         Total |  11609 |  11185 |    424 |   1541 |   6618 |  12 |  967.4 |
       Dungeon |  11607 |  11183 |    424 |   1541 |   6618 |  11 | 1055.2 |
  Orcish Mines |      1 |      1 |      0 |      0 |      0 |   1 |    1.0 |
               +--------+--------+--------+--------+--------+-----+--------+

Top non-repeatable levels by time:
     D:9: 2009 daAuts
    D:11: 1231 daAuts
     D:6: 1139 daAuts
     D:5: 1070 daAuts
     D:7: 1053 daAuts
     D:4: 1034 daAuts
    D:10: 979 daAuts
     D:3: 946 daAuts
     D:2: 836 daAuts
     D:8: 784 daAuts
     D:1: 521 daAuts
   Orc:1: 1 daAuts
